 Dungeon Crawl Stone Soup version 0.30-a0-847-g17996783a1 (webtiles) character file.

Game seed: 11035483171678156268

151 jasper the Stinger (level 5, -2/35 HPs)
             Began as a Demonspawn Venom Mage on Mar 3, 2023.
             Was an Initiate of Sif Muna.
             Slain by a gnoll
             ... wielding a +0 whip
             ... led by a gnoll bouda
              (6 damage)
             ... on level 4 of the Dungeon.
             The game lasted 00:05:22 (3031 turns).

jasper the Stinger (Demonspawn Venom Mage)          Turns: 3031, Time: 00:05:22

Health: -2/35      AC:  3    Str:  8    XL:     5   Next: 10%
Magic:  0/8        EV: 12    Int: 19    God:    Sif Muna [......]
Gold:   52         SH:  0    Dex: 13    Spells: 3/9 levels left

rFire   . . .      SeeInvis .    i - +2 dagger (drain)
rCold   . . .      Faith    .    (no shield)
rNeg    . . .      Spirit   .    a - +1 robe
rPois   .          Reflect  .    (no helmet)
rElec   .          Rampage  .    (no cloak)
rCorr   .                        (no gloves)
Will    .....                    (no boots)
Stlth   ++                       (no amulet)
HPRegen 0.25/turn                (no ring)
MPRegen 0.11/turn                (no ring)

@: flying, hasted, very quick
A: ignite blood 2
a: Renounce Religion


You were on level 4 of the Dungeon.
You worshipped Sif Muna.
Sif Muna was noncommittal.
You visited 1 branch of the dungeon, and saw 4 of its levels.

You collected 127 gold pieces.
You spent 75 gold pieces at shops.

Inventory:

Hand Weapons
 c - a +0 short sword
 i - a +2 dagger of draining (weapon)
Armour
 a - a +1 robe (worn)
 j - a +0 kite shield
Scrolls
 d - a scroll of magic mapping
Potions
 f - a potion of degeneration
 g - a potion of might


   Skills:
 - Level 1.7 Dodging
 - Level 1.7 Stealth
 + Level 2.5 Spellcasting
 * Level 2.1 Conjurations
 - Level 0.8 Transmutations
 * Level 2.0 Earth Magic
 - Level 4.2 Poison Magic


You had 3 spell levels left.
You knew the following spells:

 Your Spells              Type           Power      Damage    Failure   Level
a - Sting                 Tmut/Pois      48%        1d5       5%          1
b - Poisonous Vapours     Pois/Air       20%        N/A       10%         2
c - Stone Arrow           Conj/Erth      20%        3d8       21%         3

Your spell library contained the following spells:

 Spells                   Type           Power      Damage    Failure   Level
 Sandblast                Erth           20%        2d7       7%          1
 Passwall                 Tmut/Erth      5%         N/A       14%         2
 Mephitic Cloud           Conj/Pois/Air  10%        N/A       21%         3
 Olgreb's Toxic Radiance  Pois           18%        N/A       28%         4


Dungeon Overview and Level Annotations

Branches:
Dungeon (4/15)
 Temple: D:4-7

Altars:
Sif Muna

Shops:
D:3 *?=

Annotations:
D:3 exclusion: black bear


Innate Abilities, Weirdness & Mutations

Your demonic aura often causes spilled blood to erupt in flames.


Message History

You now have 3/7 mp.
Aiming: Sting (safe; 5% risk of failure)
Press: ? - help, Q - select action, (/) - cycle Shift-Dir - straight line, f/p - gnoll bouda
Aim: a gnoll bouda, wielding a +0 whip and wearing a +0 leather armour (severely wounded, extremely poisoned, 75% to hit)
The sting hits the gnoll bouda but does no damage.
The gnoll bouda looks as sick as possible!
The gnoll bouda is severely wounded.
The gnoll bouda calls upon its god to heal the gnoll.
The gnoll is healed somewhat.
You now have 2/7 mp.
Aiming: Sting (safe; 5% risk of failure)
Press: ? - help, Q - select action, (/) - cycle Shift-Dir - straight line, f/p - gnoll bouda
Aim: a gnoll bouda, wielding a +0 whip and wearing a +0 leather armour (severely wounded, extremely poisoned, 75% to hit)
The sting hits the gnoll bouda.
The gnoll bouda looks as sick as possible!
The gnoll bouda is severely wounded.
The gnoll bouda hits you with a +0 whip!
You take 14 damage, and have 11/30 hp.
MASSIVE DAMAGE!!
You now have 1/7 mp.
Aiming: Sting (safe; 5% risk of failure)
Press: ? - help, Q - select action, (/) - cycle Shift-Dir - straight line, f/p - gnoll bouda
Aim: a gnoll bouda, wielding a +0 whip and wearing a +0 leather armour (severely wounded, extremely poisoned, 75% to hit)
The sting hits the gnoll bouda.
The gnoll bouda looks as sick as possible!
You kill the gnoll bouda!
Sif Muna accepts your kill.
Your Conjurations skill increases to level 2!
Your Earth Magic skill increases to level 2!
You have reached level 5!
You regained 3 hp, and now have 14/35 hp.
You now have 0/8 mp.
It was a potion of flight.
You feel very buoyant.
You fly up into the air.
The gnoll hits you with a +0 whip.
* * * LOW HITPOINT WARNING * * *
The gnoll hits you from afar with a +0 spear.
* * * LOW HITPOINT WARNING * * *
You take 10 damage, and have 4/35 hp.
MASSIVE DAMAGE!!
It was a potion of haste.
You feel yourself speed up. The gnoll hits you with a +0 whip.
You die...

.#.....# #......##
........
#....#.###
##....#...#
.....<###.##
.....)..#..##
......#.)).)######
....(.###.....gg@#
..##### ##########
..# ..# .## #


You could see 2 gnolls.

Vanquished Creatures
  A gnoll bouda (D:4)
  An iguana (D:3)
  An adder (D:2)
  3 gnolls (D:4)
  2 dart slugs (D:1)
  5 orcs
  A ball python (D:2)
  4 bats (D:1)
  An endoplasm (D:2)
  4 goblins
  3 hobgoblins (D:3)
  4 jackals (D:3)
  7 quokkas
  A frilled lizard (D:3)
  5 kobolds
  5 rats
48 creatures vanquished.

Notes
Turn   | Place    | Note
-------+----------+-------------------------------------------
     0 | D:1      | jasper the Demonspawn Venom Mage began the quest for the
                  | Orb.
     0 | D:1      | Reached XP level 1. HP: 13/13 MP: 3/3
   285 | D:1      | Gained mutation: Your demonic aura sometimes causes spilled
                  | blood to erupt in flames. [demonic ancestry]
   285 | D:1      | Reached XP level 2. HP: 16/19 MP: 0/5
   423 | D:1      | Learned a level 2 spell: Poisonous Vapours
   900 | D:1      | Found a faded altar of an unknown god.
   974 | D:1      | Reached skill level 4 in Poison Magic
  1554 | D:2      | Gained mutation: Your demonic aura often causes spilled
                  | blood to erupt in flames. [demonic ancestry]
  1554 | D:2      | Reached XP level 3. HP: 24/24 MP: 3/6
  1558 | D:2      | Learned a level 3 spell: Stone Arrow
  1753 | D:2      | Found a shimmering blue altar of Sif Muna.
  1763 | D:2      | Became a worshipper of Sif Muna the Loreminder
  2147 | D:3      | Noticed a black bear
  2205 | D:3      | Found Uminaq's General Store.
  2211 | D:3      | Bought a scroll of magic mapping for 75 gold pieces
  2585 | D:3      | Found Liuqed's Jewellery Shoppe.
  2599 | D:3      | Reached skill level 1 in Conjurations
  2612 | D:3      | Reached skill level 1 in Earth Magic
  2671 | D:3      | Found Palyulae's Magic Scroll Shoppe.
  2711 | D:3      | HP: 1/23 [iguana (11)]
  2712 | D:3      | Reached XP level 4. HP: 2/30 MP: 0/7
  3030 | D:4      | Reached XP level 5. HP: 14/35 MP: 0/8
  3031 | D:4      | Slain by a gnoll

Illustrated notes

Levels and vault maps discovered:
D:1:      dpeg_arrival_renting, layout_basic,
          ebering_ecumenical_altar_sacrificial
D:2:      layout_rooms, basic_altar, serial_corexii_hall,
          corexii_hall_statues_s, chequers_hall_statues_corner_a
D:3:      layout_basic, serial_shops, nicolae_shop_crystal,
          nicolae_shop_competitors_out_of_business, nicolae_shop_waterfront,
          kennysheep_generic_room_11
D:4:      layout_rooms, yredelemnul_forgotten_temple_becter, minmay_lizard_king,
          uniq_natasha

Skill      XL: |  1  2  3  4 |
---------------+-------------+-----
Poison Magic   | 4 |  4.2
Conjurations   | 1 2 |  2.1
Earth Magic    | 1 2 |  2.0
Dodging        | |  1.7
Stealth        | |  1.7
Spellcasting   | |  2.5
Transmutations | |  0.8

Action                     |  1- 3 |  4- 6 || total
---------------------------+-------+-------++-------
  Melee: Short sword       |    39 |       ||    39
         Dagger            |    18 |     6 ||    24
         Unarmed           |    10 |       ||    10
         Punch             |     2 |     1 ||     3
   Cast: Sting             |    48 |    13 ||    61
         Poisonous Vapours |    22 |     6 ||    28
    Use: Scroll            |     2 |     3 ||     5
         Potion            |     1 |     3 ||     4
 Armour: Robe              |    12 |     1 ||    13
         Skin              |    14 |       ||    14
  Dodge: Dodged            |    67 |     5 ||    72

Table legend: (Time is in decaauts)
 A = Elapsed time spent in this place.
 B = Non-inter-level travel time spent in this place.
 C = Inter-level travel time spent in this place.
 D = Time resting spent in this place.
 E = Time spent auto-exploring this place.
 F = Levels seen in this place.
 G = Mean time per level.
                   A        B        C        D        E       F      G
               +--------+--------+--------+--------+--------+-----+--------+
         Total |   3028 |   2966 |     62 |    154 |   2375 |   4 |  757.0 |
       Dungeon |   3028 |   2966 |     62 |    154 |   2375 |   4 |  757.0 |
               +--------+--------+--------+--------+--------+-----+--------+

Top non-repeatable levels by time:
     D:1: 1261 daAuts
     D:3: 813 daAuts
     D:2: 769 daAuts
     D:4: 183 daAuts
